 Dungeon Crawl Stone Soup version 0.30-a0-989-g0d87f670db (webtiles) character file.

Game seed: 157312253892586910

21 CowFu the Ruffian (level 2, 0/23 HPs)
             Began as a Draconian Transmuter on Apr 3, 2023.
             Killed from afar by Natasha (6 damage)
             ... with a magic dart
             ... on level 2 of the Dungeon.
             The game lasted 00:00:46 (554 turns).

CowFu the Ruffian (Draconian Transmuter)             Turns: 554, Time: 00:00:47

Health: 0/23       AC:  4    Str: 12    XL:     2   Next: 62%
Magic:  5/5        EV: 12    Int: 13    God:
Gold:   69         SH:  0    Dex: 11    Spells: 4/5 levels left

rFire   . . .      SeeInvis .      - Unarmed
rCold   . . .      Faith    .    (no shield)
rNeg    . . .      Spirit   .    (body armour unavailable)
rPois   .          Reflect  .    (helmet currently unavailable)
rElec   .          Rampage  .    (no cloak)
rCorr   .                        (no gloves)
Will    .....                    b - melded +0 pair of boots
Stlth   +                        (no amulet)
HPRegen 0.23/turn                (no ring)
MPRegen 0.09/turn                (no ring)

@: appendages (expiring)
A: horns 2, talons 2, AC +4, unfitting armour, cold-blooded
a: End Transformation


You were on level 2 of the Dungeon.
You had temporarily grown beastly horns and talons.
You visited 1 branch of the dungeon, and saw 2 of its levels.

You collected 69 gold pieces.

Inventory:

Armour
 b - a +0 pair of boots (melded)
Jewellery
 j - an amulet of the acrobat
Scrolls
 d - a scroll of teleportation {unknown}
 e - a scroll of vulnerability {unknown}
 g - a scroll of identify {unknown}
Potions
 a - a potion of lignification
 c - a potion of flight {unknown}
 f - a potion of haste {unknown}
 h - a potion of attraction {unknown}
 i - a potion of resistance {unknown}


   Skills:
 - Level 1.1 Fighting
 - Level 1.7 Dodging
 + Level 3.5 Unarmed Combat
 - Level 2.0 Spellcasting
 + Level 2.7 Transmutations


You had 4 spell levels left.
You knew the following spells:

 Your Spells              Type           Power      Damage    Failure   Level
a - Beastly Appendage     Tmut           16%        N/A       9%          1

Your spell library contained the following spells:

 Spells                   Type           Power      Damage    Failure   Level
 Wereblood                Tmut           8%         N/A       13%         2
 Spider Form              Tmut/Pois      4%         N/A       41%         3
 Ice Form                 Ice/Tmut       4%         N/A       82%         4


Dungeon Overview and Level Annotations

Branches:
Dungeon (2/15)

Altars:

Shops:
D:1 (

Annotations:
D:2 Natasha


Innate Abilities, Weirdness & Mutations

You have temporarily grown beastly horns and talons.
Your plain brown scales are hard. (AC +4)
You cannot fit into any form of body armour.
You are cold-blooded and may be slowed by cold attacks.


Message History

You are too injured to fight recklessly!
You are too injured to fight recklessly!
You are too injured to fight recklessly!
You are too injured to fight recklessly!
You are too injured to fight recklessly!
You are too injured to fight recklessly!
You are too injured to fight recklessly!
You are too injured to fight recklessly!
You hit Natasha.
You tail-slap Natasha, but do no damage.
Natasha is lightly wounded.
The jackal barely misses you.
The jackal bites you but does no damage.
The frilled lizard barely misses you. Natasha barely misses you.
You hit the jackal. You claw the jackal.
You kill the jackal!
The jackal misses you. The frilled lizard closely misses you.
Natasha claws you.
You hit the jackal. You claw the jackal.
You kill the jackal!
The frilled lizard bites you.
* * * LOW HITPOINT WARNING * * *
Natasha claws you but does no damage.
You hit the frilled lizard. Your kick misses the frilled lizard.
The frilled lizard is heavily wounded.
The frilled lizard bites you but does no damage.
Natasha claws you but does no damage.
You punch the frilled lizard!
You kill the frilled lizard!
You hit Natasha. Your kick misses Natasha. Your headbutt misses Natasha.
Natasha is moderately wounded.
Natasha closely misses you.
You hit Natasha. Your kick misses Natasha. Your headbutt misses Natasha.
Natasha is heavily wounded.
Natasha barely misses you.
You hit Natasha.
Natasha is severely wounded.
Natasha stares at you and mumbles some strange words.
The magic dart hits you.
You die...

#...####
.#....
##....######
..........#
#.........#
#.........#
#..h......#
#<.@......#
#.........#
#...#.#####
.....#..#
.$#..#. ..#
......##......
....###
....... .#..
.......


You could see Natasha.

Vanquished Creatures
  2 ball pythons (D:1)
  2 endoplasms (D:1)
  2 goblins (D:1)
  4 jackals (D:2)
  6 bats (D:1)
  A frilled lizard (D:2)
  A kobold (D:1)
  2 rats (D:1)
20 creatures vanquished.

Notes
Turn   | Place    | Note
-------+----------+-------------------------------------------
     0 | D:1      | CowFu the Draconian Transmuter began the quest for the Orb.
     0 | D:1      | Reached XP level 1. HP: 16/16 MP: 3/3
   147 | D:1      | Found Exziopn's Weapon Shop.
   221 | D:1      | Reached XP level 2. HP: 20/23 MP: 3/5
   539 | D:2      | Noticed Natasha
   554 | D:2      | Killed from afar by Natasha

Illustrated notes

Levels and vault maps discovered:
D:1:      minmay_arrival_four_houses, layout_rooms, serial_shops, shop
D:2:      layout_rooms, uniq_natasha, uniq_terence

Action                     || total
---------------------------++-------
  Melee: Unarmed           ||    52
         Kick              ||    10
         Punch             ||     2
         Tailslap          ||     2
         Headbutt          ||     1
   Cast: Beastly Appendage ||    11
   Stab: Sleeping          ||     1
 Armour: Skin              ||    25
  Dodge: Dodged            ||    36

Table legend: (Time is in decaauts)
 A = Elapsed time spent in this place.
 B = Non-inter-level travel time spent in this place.
 C = Inter-level travel time spent in this place.
 D = Time resting spent in this place.
 E = Time spent auto-exploring this place.
 F = Levels seen in this place.
 G = Mean time per level.
                   A        B        C        D        E       F      G
               +--------+--------+--------+--------+--------+-----+--------+
         Total |    550 |    543 |      7 |      0 |    413 |   2 |  275.0 |
       Dungeon |    550 |    543 |      7 |      0 |    413 |   2 |  275.0 |
               +--------+--------+--------+--------+--------+-----+--------+

Top non-repeatable levels by time:
     D:1: 533 daAuts
     D:2: 16 daAuts
